 Dungeon Crawl Stone Soup version 0.26-a0-597-gb535b0901c (webtiles) character file.

Game seed: 7284647397283723059

(classic levelgen) 87621 EnegeticOcto the Severer (level 15, -2/140 HPs)
             Began as a Deep Dwarf Fighter on Sept 2, 2020.
             Was the Champion of Makhleb.
             Slain by an emperor scorpion (11 damage)
             ... on level 4 of the Spider Nest.
             The game lasted 00:13:51 (13296 turns).

EnegeticOcto the Severer (Deep Dwarf Fighter)      Turns: 13296, Time: 00:13:52

Health: -2/140     AC: 30    Str: 25    XL:     15   Next: 44%
Magic:  0/0        EV:  9    Int: 10    God:    Makhleb [******]
Gold:   1302       SH: 13    Dex: 12    Spells: 14/14 levels left

rFire    + . .     SeeInvis .   A - +6 war axe (venom)
rCold    + + .     Faith    .   k - +0 kite shield {rC+}
rNeg     + . .     Spirit   .   c - +0 crystal plate armour
rPois    .         Reflect  .   (no helmet)
rElec    .         Harm     .   D - +2 cloak {MR+}
rCorr    .         Clarity  +   z - +0 pair of gloves
MR       +++..                  g - +2 pair of boots
Stlth    ..........             (no amulet)
HPRegen  0.00/turn              H - ring of protection from fire
MPRegen  0.07/turn              w - +4 ring of evasion

@: lethally poisoned (-2 -> -8), non-regenerating
A: damage resistance, heal wounds, blink, clarity, cold resistance 1, negative
energy resistance 1, sense surroundings 2, no regeneration
a: Heal Wounds, Blink, Minor Destruction, Lesser Servant of Makhleb, Major
Destruction, Greater Servant of Makhleb, Renounce Religion


You were on level 4 of the Spider Nest.
You worshipped Makhleb.
Makhleb was exalted by your worship.
You visited 4 branches of the dungeon, and saw 22 of its levels.
You also visited: Ossuary, Bailey and Ice Cave.

You collected 2124 gold pieces.
You spent 822 gold pieces at shops.

Inventory:

Hand Weapons
 a - a +0 broad axe
 A - a +6 war axe of venom (weapon)
 E - a +4 war axe of flaming
Missiles
 p - a throwing net (quivered)
Armour
 c - a +0 crystal plate armour (worn)
 g - a +2 pair of boots (worn)
 i - a scarf of repulsion
 k - a +0 kite shield of cold resistance (worn)
 z - a +0 pair of gloves (worn)
 D - a +2 cloak of magic resistance (worn)
 F - a +1 helmet
 I - +0 storm dragon scales
Jewellery
 w - a +4 ring of evasion (right hand)
 H - a ring of protection from fire (left hand)
Wands
 r - a wand of paralysis (13)
 t - a wand of iceblast (34) {@v2}
 B - a wand of digging (10) {@v3}
Scrolls
 e - 2 scrolls of fog
 l - 9 scrolls of teleportation {@r3}
 m - 2 scrolls of magic mapping {@r5}
 o - 3 scrolls of enchant weapon
 q - a scroll of fear
 y - a scroll of remove curse {@r2}
 G - 3 scrolls of summoning
 L - a scroll of identify {@r1}
Potions
 b - 2 potions of cancellation
 d - 3 potions of might {@q3}
 f - 3 potions of stabbing {@q5}
 h - 5 potions of curing {@q1}
 j - 2 potions of ambrosia
 n - a potion of flight
 s - a potion of resistance {@q6}
 u - 6 potions of haste {@q4}
 v - 2 potions of invisibility {unknown}
 x - 2 potions of mutation
 C - 2 potions of lignification {unknown}


   Skills:
 + Level 10.6 Fighting
 * Level 16.6 Axes
 + Level 12.6 Armour
 + Level 12.5 Shields
 * Level 14.0 Invocations
 + Level 8.4 Evocations


You had 14 spell levels left.
You didn't know any spells.
Your spell library was empty.

Dungeon Overview and Level Annotations

Branches:
Dungeon (13/15)            Temple (0/1) D:6            Lair (3/6) D:8
  Swamp (0/4) Lair:2       Spider (4/4) Lair:3          Orc (2/2) D:10
    Elf (0/3) Orc:2        Vaults (0/5) D:13        Ossuary (visited)
 Bailey (visited)           IceCv (visited)

Altars:
Makhleb
Okawaru
Ru
Trog
Xom
Yredelemnul
Beogh

Shops:
D:4 [   D:8 [   D:9 }[   Orc:2 *[(=

Annotations:
D:11 1 runed translucent door, melvinkitnick's ghost, journeyman DEAE


Innate Abilities, Weirdness & Mutations

You are resistant to damage.
You can heal yourself by infusing magical energy.
You resist negative energy. (rN+)
You passively map the area around you.
You do not regenerate.
You can translocate small distances at will.
You possess an exceptional clarity of mind.
Your flesh is cold resistant. (rC+)


Message History

The emperor scorpion closely misses you.
The jumping spider leaps!
You closely miss the emperor scorpion.
The emperor scorpion is lightly wounded.
You barely miss the hornet. You slash the demonic crawler!
You hit the emperor scorpion but do no damage.
The emperor scorpion looks as sick as possible!
You closely miss the emperor scorpion.
You feel very sick.
You block the emperor scorpion's attack.
The emperor scorpion claws you!
You block the emperor scorpion's attack.
A jumping spider comes into view.
The hornet completely misses you.
The demonic crawler hits you but does no damage. x3
The emperor scorpion stings you.
The emperor scorpion closely misses you.
The emperor scorpion claws you but does no damage.
The emperor scorpion stings you.
You are lethally poisoned!
The emperor scorpion poisons you! The emperor scorpion misses you.
You block the emperor scorpion's attack.
You don't have enough innate magic capacity.
You closely miss the emperor scorpion.
The emperor scorpion is severely wounded.
You hit the demonic crawler but do no damage.
You hit the emperor scorpion but do no damage.
The emperor scorpion is poisoned.
You hit the emperor scorpion but do no damage.
You hit the hornet.
The hornet is poisoned.
You hit the demonic crawler but do no damage.
The demonic crawler looks as sick as possible!
You feel very sick.
The emperor scorpion stings you but does no damage.
You block the emperor scorpion's attack. x2
The hornet stings you but does no damage.
The demonic crawler hits you but does no damage.
You block the demonic crawler's attack.
The demonic crawler hits you but does no damage. x2
The demonic crawler barely misses you.
The demonic crawler hits you but does no damage.
The emperor scorpion barely misses you.
The emperor scorpion completely misses you.
The emperor scorpion claws you.
* * * LOW HITPOINT WARNING * * *
You don't have enough innate magic capacity.
You feel better. The emperor scorpion barely misses you.
The emperor scorpion claws you. The emperor scorpion misses you.
You block the hornet's attack. You block the demonic crawler's attack.
The demonic crawler misses you. x2; The demonic crawler closely misses you.
You block the demonic crawler's attack.
The demonic crawler hits you but does no damage.
The emperor scorpion stings you but does no damage.
The emperor scorpion completely misses you.
The emperor scorpion claws you.
The jumping spider leaps!
The emperor scorpion stings you!!
* * * LOW HITPOINT WARNING * * *
The emperor scorpion barely misses you.
The emperor scorpion closely misses you. x2
The emperor scorpion claws you but does no damage. x2
The hornet barely misses you.
You slice the emperor scorpion!!
The emperor scorpion is almost dead.
You completely miss the demonic crawler.
You hit the emperor scorpion but do no damage.
You slash the emperor scorpion!
The emperor scorpion looks as sick as possible!
You hit the hornet.
The hornet looks as sick as possible!
You hit the demonic crawler. You block the demonic crawler's attack.
The demonic crawler hits you but does no damage.
The demonic crawler hits you.
* * * LOW HITPOINT WARNING * * *
The demonic crawler barely misses you. You block the demonic crawler's attack.
The demonic crawler hits you but does no damage.
The emperor scorpion stings you!
* * * LOW HITPOINT WARNING * * *
You are poisoned.
The emperor scorpion poisons you!
The emperor scorpion closely misses you.
You block the emperor scorpion's attack.
The emperor scorpion stings you!
* * * LOW HITPOINT WARNING * * *
The emperor scorpion claws you but does no damage. x2
The hornet stings you but does no damage.
The emperor scorpion closely misses you.
The emperor scorpion claws you but does no damage.
You block the emperor scorpion's attack.
Unknown command.
You slash the emperor scorpion!
The emperor scorpion is almost dead.
You hit the demonic crawler but do no damage.
You slash the hornet! You slash the emperor scorpion!
The emperor scorpion looks as sick as possible!
You slash the emperor scorpion! You hit the demonic crawler.
You feel sick. The demonic crawler closely misses you.
The demonic crawler hits you but does no damage.
The demonic crawler hits you.
* * * LOW HITPOINT WARNING * * *
The emperor scorpion stings you!
You die... , * * * * ^, * * ,#.##≈ , ###^ * #.≈#. *,#≈.##≈ * ≈ ≈..^ ,...^.# , ^ ...,s..≈. ,,, ,≈*, ^s s.. ,^#.##≈# ≈ * ^ #ysss#*

^ * ≈
##@s## *
^ *
#^ss≈#
** ≈ *
*, ^
##.†##*,
*^ ^
#††..#,,
* , * ,,
* ##..##
* ,, ,≈
* **
#.^#^#
** , * *
#....#
##..##
##....##


You could see 3 emperor scorpions, 2 demonic crawlers, 2 orb spiders, a hornet
(extremely poisoned) and a jumping spider.

Vanquished Creatures
  Saint Roka (Orc:2)
  Rupert (D:13)
  Gastronok (D:8)
  Kirke (D:13)
  A storm dragon (D:12)
  A ghost moth (Spider:4)
  2 emperor scorpions
  A spark wasp (Spider:4)
  Snorg (D:11)
  A fire dragon (D:12)
  3 vault guards (D:13)
  Fannar (D:11)
  A catoblepas (D:12)
  A hydra (D:12)
  Erolcha (D:10)
  Erica (D:11)
  2 centaur warriors
  A tengu warrior (D:13)
  4 two-headed ogres
  3 orc high priests (Orc:2)
  Urug (D:11)
  Nergalle (D:11)
  A skeletal warrior (D:12)
  An unseen horror (D:13)
  6 orc knights
  A wolf spider zombie (D:12)
  12 orb spiders
  A deep elf mage (D:12)
  A phantasmal warrior (D:12)
  3 ugly things
  A manticore (D:13)
  An orc sorcerer (Orc:2)
  14 wolf spiders
  A cyclops (D:13)
  A moth of wrath (Spider:4)
  2 black mambas (Lair:2)
  5 cane toads
  Maggie (D:9)
  A torpor snail (Spider:4)
  A tengu conjurer (D:13)
  4 komodo dragons
  A freezing wraith (D:12)
  4 demonic crawlers
  A komodo dragon (shapeshifter) (D:12)
  8 hornets
  15 jumping spiders
  9 trolls
  A polar bear (Lair:2)
  A slime creature (D:12)
  4 blink frogs (Lair:2)
  5 hippogriffs
  5 tarantellas (Spider:4)
  25 redbacks
  2 wyverns
  23 yaks
  9 humans (D:13)
  Eustachio (D:6)
  3 hogs (D:13)
  5 vampire mosquitoes
  2 basilisks (Lair:2)
  Menkaure (D:6)
  A warg (Orc:2)
  An acid dragon (D:12)
  6 water moccasins
  3 porcupines
  17 ice beasts
  The ghost of SatoMori the Skirmisher, an amateur GnAK of Lugonu (D:3)
  3 sky beasts
  2 black bears
  35 orc warriors
  2 necrophages
  A phantom (D:13)
  2 wolves (D:8)
  7 centaurs
  8 ogres
  5 crocodiles
  4 big kobolds
  11 bullfrogs
  A wyvern zombie (D:12)
  A gnoll sergeant (D:7)
  A wyvern skeleton (D:9)
  4 scorpions
  6 killer bees (D:8)
  17 wights
  4 howler monkeys (D:8)
  4 electric eels
  2 centaur zombies
  A human zombie (Ossuary)
  A bullfrog zombie (D:12)
  4 jellies
  15 orc priests
  5 bullfrog skeletons
  10 hounds
  31 orc wizards
  An iguana (D:11)
  9 worker ants
  A bullfrog simulacrum (D:12)
  2 hound skeletons
  2 mummies (Ossuary)
  18 gnolls
  A howler monkey skeleton (D:8)
  11 adders
  2 shadow imps
  3 white imps
  An ufetubus (D:8)
  2 oozes
  3 adder skeletons
  3 adder zombies (Ossuary)
  3 worms
  5 leopard geckos
  128 orcs
  2 ball pythons
  2 bats
  6 giant cockroaches
  5 goblins
  6 hobgoblins
  15 jackals
  50 kobolds
  2 quokkas
  2 gnoll zombies (D:3)
  2 goblin zombies (Ossuary)
  3 hobgoblin zombies (Ossuary)
  3 jackal zombies (Ossuary)
  8 kobold zombies (Ossuary)
  3 leopard gecko skeletons
  13 orc zombies (Ossuary)
  A quokka skeleton (D:4)
  A quokka zombie (D:7)
  4 rats (D:3)
  3 rat zombies (Ossuary)
  A butterfly (Lair:2)
757 creatures vanquished.

Vanquished Creatures (collateral kills)
  An emperor scorpion (Spider:4)
  An entropy weaver (Spider:4)
  An orc knight (Bailey)
  A wolf spider (Spider:4)
  2 orb spiders
  A demonic crawler (Spider:4)
  2 hornets (Spider:4)
  5 redbacks
  2 tarantellas (Spider:4)
  2 orc warriors
  13 orcs
31 creatures vanquished.

Vanquished Creatures (others)
  A gnoll (D:4)
  An orc (D:8)
  4 fungi (Lair:2)
  8 plants
14 creatures vanquished.

Grand Total: 802 creatures vanquished

Notes
Turn   | Place    | Note
-------+----------+-------------------------------------------
     0 | D:1      | EnegeticOcto the Deep Dwarf Fighter began the quest for the
                  | Orb.
     0 | D:1      | Reached XP level 1. HP: 20/20 MP: 1/1
   164 | D:2      | Reached XP level 2. HP: 21/27 MP: 2/2
   238 | D:3      | Noticed a sky beast
   265 | D:3      | Killed a sky beast
   265 | D:3      | Reached skill level 3 in Axes
   265 | D:3      | Reached XP level 3. HP: 4/34 MP: 1/1
   265 | D:3      | Reached XP level 4. HP: 5/42 MP: 2/2
   400 | D:3      | Reached skill level 4 in Axes
   425 | D:3      | Reached XP level 5. HP: 32/49 MP: 3/3
   429 | D:3      | Found a basalt altar of Yredelemnul.
   669 | D:3      | Found a runed translucent gate.
   671 | D:3      | Found a runed translucent gate.
   672 | D:3      | Noticed SatoMori's ghost (amateur GnAK)
   673 | D:3      | Found a runed translucent gate.
   673 | D:3      | Identified the +4 dagger of Shame {pain, +Fly rF+}
   673 | D:3      | Identified the +4 ring mail "Husic" {rC+ Stlth+}
   675 | D:3      | Found a roughly hewn altar of Beogh.
   973 | D:3      | Killed SatoMori's ghost
   973 | D:3      | Reached XP level 6. HP: 45/56 MP: 3/3
  1065 | D:4      | Found a burning altar of Makhleb.
  1082 | D:4      | Reached skill level 5 in Axes
  1094 | D:4      | Became a worshipper of Makhleb the Destroyer
  1261 | D:4      | Found Ekhash's Antique Armour Shop.
  1297 | D:4      | Reached skill level 1 in Invocations
  1297 | D:4      | Reached XP level 7. HP: 36/63 MP: 3/3
  1361 | D:4      | Reached skill level 5 in Armour
  1361 | D:4      | Reached skill level 5 in Shields
  1423 | D:4      | Reached * piety under Makhleb
  1483 | D:4      | Reached skill level 6 in Axes
  2118 | D:5      | Entered Level 5 of the Dungeon
  2133 | D:5      | Reached ** piety under Makhleb
  2167 | D:5      | Found a sand-covered staircase.
  2171 | Ossuary  | Entered an ossuary
  2287 | Ossuary  | Reached XP level 8. HP: 63/73 MP: 4/6
  2488 | D:5      | Reached skill level 7 in Axes
  2490 | D:5      | Reached *** piety under Makhleb
  3152 | D:6      | Found an iron altar of Okawaru.
  3174 | D:6      | Noticed Menkaure
  3182 | D:6      | Killed Menkaure
  3274 | D:6      | Reached skill level 5 in Fighting
  3302 | D:6      | Reached skill level 8 in Axes
  3346 | D:6      | Noticed Eustachio
  3384 | D:6      | Killed Eustachio
  3384 | D:6      | Gained mutation: You passively map the area around you.
                  | [Deep Dwarf growth]
  3384 | D:6      | Reached XP level 9. HP: 72/80 MP: 7/7
  3691 | D:6      | Found a staircase to the Ecumenical Temple.
  3837 | D:7      | Found a sacrificial altar of Ru.
  4024 | D:7      | Reached skill level 5 in Invocations
  4042 | D:7      | Reached **** piety under Makhleb
  4492 | D:7      | Found a bloodstained altar of Trog.
  4689 | D:8      | Found Citzo's Antique Armour Emporium.
  4731 | D:8      | Noticed a two-headed ogre
  4737 | D:8      | Noticed Gastronok
  4754 | D:8      | HP: 2/81 [two-headed ogre/+0 giant spiked club (20)]
  4759 | D:8      | Killed a two-headed ogre
  4759 | D:8      | Reached skill level 9 in Axes
  4817 | D:8      | Reached XP level 10. HP: 51/91 MP: 8/8
  4833 | D:8      | Killed Gastronok
  4833 | D:8      | Reached skill level 10 in Axes
  4864 | D:8      | Reached ***** piety under Makhleb
  4925 | D:8      | Found a staircase to the Lair.
  5028 | D:8      | Noticed a two-headed ogre
  5036 | D:8      | Killed a two-headed ogre
  5036 | D:8      | Reached skill level 11 in Axes
  5391 | D:9      | Noticed Maggie
  5407 | D:9      | Killed Maggie
  5407 | D:9      | Reached XP level 11. HP: 92/99 MP: 10/10
  5418 | D:9      | Found Ostre's Antique Armour Shoppe.
  5480 | D:9      | Found a flagged portal.
  5488 | Bailey   | Entered a bailey
  5569 | Bailey   | Noticed an orc knight
  5701 | Bailey   | Noticed an orc knight
  5701 | Bailey   | Noticed an orc knight
  5744 | Bailey   | Noticed an orc knight
  5752 | Bailey   | HP: 3/100 [orc warrior/+0 glaive (19)]
  5796 | Bailey   | Killed an orc knight
  5845 | Bailey   | Killed an orc knight
  5967 | D:9      | Found Siziroeh's Gadget Shop.
  6425 | D:9      | Found Fedoux's Book Boutique.
  6441 | D:10     | Entered Level 10 of the Dungeon
  6490 | D:10     | Noticed a two-headed ogre
  6502 | D:10     | Killed a two-headed ogre
  6522 | D:10     | Noticed a centaur warrior
  6539 | D:10     | Killed a centaur warrior
  6577 | D:10     | Reached skill level 12 in Axes
  6593 | D:10     | Noticed Erolcha
  6604 | D:10     | Killed Erolcha
  7024 | D:10     | Noticed an orc knight
  7025 | D:10     | Noticed an orc knight
  7037 | D:10     | Reached ****** piety under Makhleb
  7054 | D:10     | Killed an orc knight
  7060 | D:10     | Killed an orc knight
  7087 | D:10     | Found a roughly hewn altar of Beogh.
  7087 | D:10     | Found a staircase to the Orcish Mines.
  7362 | D:11     | Noticed Nergalle
  7385 | D:11     | Killed Nergalle
  7385 | D:11     | Reached XP level 12. HP: 83/110 MP: 7/7
  7410 | D:11     | Noticed Snorg
  7416 | D:11     | Noticed Fannar
  7439 | D:11     | Killed Snorg
  7439 | D:11     | Reached skill level 10 in Invocations
  7443 | D:11     | Killed Fannar
  7459 | D:11     | Noticed Erica
  7468 | D:11     | Noticed Urug
  7472 | D:11     | Killed Erica
  7488 | D:11     | Reached skill level 13 in Axes
  7490 | D:11     | Killed Urug
  7499 | D:11     | Reached skill level 10 in Armour
  7514 | D:11     | Reached skill level 10 in Shields
  7613 | D:11     | Found a runed translucent door.
  7613 | D:11     | Found a shimmering altar of Xom.
  7613 | D:11     | Noticed melvinkitnick's ghost (journeyman DEAE)
  7950 | Lair:1   | Entered Level 1 of the Lair of Beasts
  8502 | Lair:2   | Found a staircase to the Swamp.
  8955 | Lair:3   | Found a frozen archway.
  8987 | IceCv    | Entered an ice cave
  8988 | IceCv    | Found a transporter.
  9000 | IceCv    | Reached skill level 14 in Axes
  9000 | IceCv    | Reached XP level 13. HP: 120/120 MP: 7/7
  9023 | IceCv    | Found a transporter.
  9332 | Lair:3   | Found a hole to the Spider Nest.
  9359 | Lair:3   | Reached skill level 1 in Evocations
  9555 | Orc:1    | Entered Level 1 of the Orcish Mines
  9634 | Orc:2    | Entered Level 2 of the Orcish Mines
  9637 | Orc:2    | Found a staircase to the Elven Halls.
  9846 | Orc:2    | Found a roughly hewn altar of Beogh.
 10002 | Orc:2    | Noticed Saint Roka
 10103 | Orc:2    | Killed Saint Roka
 10186 | Orc:2    | Found Sakug's Antique Armour Emporium.
 10195 | Orc:2    | Found a roughly hewn altar of Beogh.
 10202 | Orc:2    | Found Witidi's Antique Weapon Shoppe.
 10223 | Orc:2    | Bought an embroidered cloak for 202 gold pieces
 10223 | Orc:2    | Bought a runed helmet for 202 gold pieces
 10310 | Orc:2    | Found a roughly hewn altar of Beogh.
 10335 | Orc:2    | Found Roloewke's Jewellery Shop.
 10558 | Orc:2    | Found a roughly hewn altar of Beogh.
 10589 | Orc:2    | Found a roughly hewn altar of Beogh.
 10611 | Orc:2    | Found a roughly hewn altar of Beogh.
 10612 | Orc:2    | Found Qoskul's Assorted Antiques.
 10620 | Orc:2    | Bought an embroidered scarf for 216 gold pieces
 10640 | Orc:2    | Bought a scroll of enchant weapon for 202 gold pieces
 10667 | Orc:2    | Found a roughly hewn altar of Beogh.
 11130 | D:12     | Noticed a fire dragon
 11141 | D:12     | Killed a fire dragon
 11141 | D:12     | Reached skill level 15 in Axes
 11183 | D:12     | Noticed a storm dragon
 11199 | D:12     | Killed a storm dragon
 11464 | D:12     | Found a runed translucent door.
 11554 | D:12     | Gained mutation: You resist negative energy. (rN+) [Deep
                  | Dwarf growth]
 11554 | D:12     | Reached XP level 14. HP: 129/129 MP: 3/3
 11748 | D:12     | Reached skill level 5 in Evocations
 12031 | D:13     | Noticed Rupert
 12064 | D:13     | Killed Rupert
 12091 | D:13     | Noticed Kirke
 12109 | D:13     | Killed Kirke
 12369 | D:13     | Reached skill level 10 in Fighting
 12490 | D:13     | Found a gate to the Vaults.
 12534 | D:13     | Identified a scroll of acquirement
 12534 | D:13     | Acquired 340 gold pieces
 12721 | Spider:1 | Entered Level 1 of the Spider Nest
 12726 | Spider:1 | Noticed an emperor scorpion
 12748 | Spider:1 | Killed an emperor scorpion
 12913 | Spider:3 | Noticed an emperor scorpion
 12961 | Spider:3 | Killed an emperor scorpion
 12961 | Spider:3 | Reached skill level 16 in Axes
 13047 | Spider:4 | Entered Level 4 of the Spider Nest
 13083 | Spider:4 | Noticed an entropy weaver
 13107 | Spider:4 | Killed an entropy weaver
 13107 | Spider:4 | Reached XP level 15. HP: 116/140 MP: 3/3
 13160 | Spider:4 | Gained mutation: Your spells are a little easier to cast,
                  | but a little less powerful. [potion of mutation]
 13160 | Spider:4 | Gained mutation: You have a pair of small horns on your
                  | head. [potion of mutation]
 13161 | Spider:4 | Lost mutation: Your spells are a little easier to cast, but
                  | a little less powerful. [potion of mutation]
 13161 | Spider:4 | Lost mutation: You have a pair of small horns on your head.
                  | [potion of mutation]
 13161 | Spider:4 | Gained mutation: You are clumsy. (Dex -2) [potion of
                  | mutation]
 13161 | Spider:4 | Gained mutation: You are partially covered in slimy green
                  | scales. (AC +2) [potion of mutation]
 13161 | Spider:4 | Gained mutation: Your magical capacity is low. (-10% MP)
                  | [potion of mutation]
 13161 | Spider:4 | Gained mutation: You have sharp fingernails. [potion of
                  | mutation]
 13162 | Spider:4 | Lost mutation: You are clumsy. (Dex -2) [potion of
                  | mutation]
 13162 | Spider:4 | Lost mutation: Your magical capacity is low. (-10% MP)
                  | [potion of mutation]
 13162 | Spider:4 | Lost mutation: You are partially covered in slimy green
                  | scales. (AC +2) [potion of mutation]
 13162 | Spider:4 | Lost mutation: You have sharp fingernails. [potion of
                  | mutation]
 13162 | Spider:4 | Gained mutation: You are dopey. (Int -2) [potion of
                  | mutation]
 13162 | Spider:4 | Gained mutation: You have large cloven feet. [potion of
                  | mutation]
 13163 | Spider:4 | Lost mutation: You are dopey. (Int -2) [potion of mutation]
 13163 | Spider:4 | Lost mutation: You have large cloven feet. [potion of
                  | mutation]
 13163 | Spider:4 | Gained mutation: Your flesh is cold resistant. (rC+)
                  | [potion of mutation]
 13163 | Spider:4 | Gained mutation: You possess an exceptional clarity of
                  | mind. [potion of mutation]
 13163 | Spider:4 | Gained mutation: You can translocate small distances at
                  | will. [potion of mutation]
 13266 | Spider:4 | Killed a ghost moth
 13296 | Spider:4 | Slain by an emperor scorpion

Illustrated notes

Levels and vault maps discovered:
D:1:      lemuel_arrival_hallway, layout_basic, minmay_heptomino_d4
D:2:      layout_loops_ring, led_sif_pool, uniq_jessica
D:3:      layout_loops_ring, lemuel_zombie_altar_yredelemnul,
          biasface_ghost_orc_armoury
D:4:      minmay_goblin_kobold_castle, layout_basic, bloody_makhleb,
          serial_shops, shop
D:5:      layout_basic, enter_ossuary_5, kennysheep_generic_room_16
D:6:      layout_basic, minmay_temple_entry_fiery, okawaru_trees_2,
          uniq_menkaure, uniq_eustachio
D:7:      layout_basic, bloody_trog, hangedman_decor_clover_reticule,
          serial_park_tiny_1, lemuel_tele_altar
D:8:      layout_rooms, erik_lair_island, serial_shops, shop, uniq_gastronok
D:9:      layout_roguey, serial_shops, shop, nicolae_shop_trees,
          kennysheep_mini, enter_bailey_7, solitary_fountain, uniq_maggie
D:10:     layout_long_grid, david_orc_5, uniq_erolcha
D:11:     layout_cave_pools, ebering_ghost_xom, uniq_nergalle, uniq_fannar,
          uniq_erica, uniq_urug, uniq_snorg
D:12:     minmay_containers, layout_loops_corners, lightli_airlock
D:13:     layout_rooms, ximxim_vaults_locker_room, uniq_kirke, uniq_rupert
Lair:1:   layout_cave_pods, special_room [special_room_bee],
          minmay_lair_oklob_chamber
Lair:2:   layout_regular_city, minmay_swamp_entry_swarm, minivault_26,
          lemuel_fruit_fields
Lair:3:   layout_hall_layers, nicolae_spider_entry_orb_guardian,
          portal_ice_cave_entry_ice_beasts, grunt_megastairs_1
Spider:1: layout_spider_delve
Spider:2: layout_spider_delve
Spider:3: hangedman_creepy_crawlies, nicolae_spider_webs_and_nodes,
          spiders_nest_the_unseen
Spider:4: guppyfry_spider_rune
Orc:1:    layout_diamond_mine, nicolae_orc_pool_cavern, abandoned_shop
Orc:2:    grunt_orc_community_town_hall, layout_caves,
          grunt_orc_community_big_house_1, grunt_orc_community_big_house_2,
          grunt_orc_community_house_2, grunt_orc_community_house_3,
          grunt_orc_community_house_3, grunt_orc_community_house_1,
          grunt_orc_community_house_3

Skill      XL: |  1  2  3  4  5  6  7  8  9 10 11 12 13 14 15 |
---------------+----------------------------------------------+-----
Fighting       | 3 4 5 6 7 8 9 10 | 10.6
Axes           | 3 4 5 6 8 9 11 12 14 15 16 | 16.6
Armour         | 4 5 6 7 8 9 10 11 12 | 12.6
Shields        | 4 5 6 7 8 9 10 11 12 | 12.5
Invocations    | 1 2 4 6 8 9 11 12 13 14 | 14.0
Evocations     | 4 7 8 |  8.4

Action                   |  1- 3 |  4- 6 |  7- 9 | 10-12 | 13-15 || total
-------------------------+-------+-------+-------+-------+-------++-------
Melee: War axe           |    51 |   163 |   623 |   676 |   951 ||  2464
Invok: Lesser Servant of |       |       |       |     4 |     8 ||    12
       Greater Servant o |       |       |       |       |     2 ||     2
 Abil: Heal Wounds       |     2 |     6 |    11 |    32 |    32 ||    83
  Use: Scroll            |       |       |    14 |     6 |     8 ||    28
       Potion            |       |       |       |       |     9 ||     9
 Stab: Distracted        |       |       |       |       |     3 ||     3
Armor: Scale mail        |    25 |    86 |   147 |       |       ||   258
       Chain mail        |       |       |   170 |   134 |       ||   304
       Plate armour      |       |       |       |    28 |       ||    28
       Crystal plate arm |       |       |       |   383 |   917 ||  1300
Dodge: Dodged            |    15 |    55 |   178 |   123 |   321 ||   692
Block: Kite shield       |    27 |   125 |   388 |   505 |   699 ||  1744

Table legend: (Time is in decaauts)
 A = Elapsed time spent in this place.
 B = Non-inter-level travel time spent in this place.
 C = Inter-level travel time spent in this place.
 D = Time resting spent in this place.
 E = Time spent auto-exploring this place.
 F = Levels seen in this place.
 G = Mean time per level.
                   A        B        C        D        E       F      G
               +--------+--------+--------+--------+--------+-----+--------+
         Total |  13295 |  12115 |   1180 |      0 |   7718 |  25 |  531.8 |
       Dungeon |   9285 |   8454 |    831 |      0 |   5799 |  13 |  714.2 |
          Lair |   1655 |   1389 |    266 |      0 |   1009 |   3 |  551.7 |
   Spider Nest |    505 |    478 |     27 |      0 |     85 |   4 |  126.2 |
  Orcish Mines |   1113 |   1058 |     55 |      0 |    591 |   2 |  556.5 |
       Ossuary |    230 |    230 |      0 |      0 |     97 |   1 |  230.0 |
        Bailey |    465 |    465 |      0 |      0 |    123 |   1 |  465.0 |
      Ice Cave |     39 |     39 |      0 |      0 |     13 |   1 |   39.0 |
               +--------+--------+--------+--------+--------+-----+--------+

Top non-repeatable levels by time:
     D:4: 1110 daAuts
    D:12: 1107 daAuts
   Orc:2: 1030 daAuts
    D:10: 1021 daAuts
     D:3: 916 daAuts
  Lair:2: 911 daAuts
     D:7: 903 daAuts
     D:8: 848 daAuts
     D:5: 805 daAuts
  Lair:3: 717 daAuts
     D:9: 648 daAuts
     D:6: 633 daAuts
    D:11: 584 daAuts
    D:13: 494 daAuts
  Bailey: 465 daAuts
